 Dungeon Sprint DCSS version 0.17-a0-1575-g9a29ec8 (webtiles) character file.

12 nuthulu the Skirmisher (level 5, -2/37 HPs)
             Began as a Gargoyle Fighter on July 26, 2015.
             Was an Initiate of Okawaru.
             Killed by an exploding giant spore (24 damage)
             ... in the Dungeon (Sprint VI: "Thunderdome").
             The game lasted 00:01:17 (193 turns).

nuthulu the Skirmisher (Gargoyle Fighter)            Turns: 193, Time: 00:01:17

Health: -2/37      AC: 13    Str: 23    XL:     5   Next: 12%
Magic:  5/5        EV: 11    Int: 12    God:    Okawaru [......]
Gold:   31         SH: 10    Dex: 10    Spells: 0 memorised, 4 levels left

rFire  . . .     SeeInvis .     a - +0 flail
rCold  + . .     Clarity  .     b - +0 scale mail
rNeg   + . .     SustAt   .     c - +0 shield
rPois  ∞         Gourm    .     (no helmet)
rElec  +         Spirit   .     d - +0 cloak
rCorr  .         Warding  .     (no gloves)
rMut   .         NoTele   +     (no boots)
MR     +....                    r - amulet "Fesihy" {+Rage Str+7 Int-4}
Stlth  +.........               q - ring of Nibawneuw {rElec MR+ EV+3}
                                p - ring of Kuod {rC+ AC+1 Str-4 Int+8 Stlth+}

@: somewhat resistant to hostile enchantments, very unstealthy
A: negative energy resistance 1, electricity resistance, unbreathing,
petrification resistance, rot immunity, AC +4
a: Renounce Religion, Evoke Berserk Rage


You were in the Dungeon.
You worshipped Okawaru.
Okawaru was noncommittal.
You were not hungry.

You visited 1 branch You collected 220 gold pieces.
You spent 189 gold pieces at shops.

Inventory:

Hand weapons
 a - a +0 flail (weapon)
Armour
 b - a +0 scale mail (worn)
 c - a +0 shield (worn)
 d - a +0 cloak (worn)
Jewellery
 p - the ring of Kuod (left hand) {rC+ AC+1 Str-4 Int+8 Stlth+}
   (You bought it in a shop in the Dungeon)

   [ring of protection]

   It affects your AC (+1).
   It affects your strength (-4).
   It affects your intelligence (+8).
   It protects you from cold.
   It makes you more stealthy.
 q - the ring of Nibawneuw (right hand) {rElec MR+ EV+3}
   (You bought it in a shop in the Dungeon)

   [ring of evasion]

   It affects your evasion (+3).
   It insulates you from electricity.
   It affects your resistance to hostile enchantments.
 r - the amulet "Fesihy" (around neck) {+Rage Str+7 Int-4}
   (You bought it in a shop in the Dungeon)

   [amulet of rage]

   It affects your strength (+7).
   It affects your intelligence (-4).
   It lets you go berserk.
Magical devices
 l - a wand of cold (5)
 m - a wand of fire (5)
Scrolls
 k - 4 scrolls of blinking
 n - 3 scrolls of fog
Potions
 f - a potion of curing
 g - 4 potions of heal wounds
 h - 4 potions of haste
 i - 2 potions of magic
 j - a potion of berserk rage
 o - a potion of resistance
Comestibles
 e - a bread ration


   Skills:
 + Level 6.4 Fighting
 + Level 5.1 Maces & Flails
 + Level 6.2 Armour
 + Level 6.2 Shields


You had 4 spell levels left.
You didn't know any spells.

Dungeon Overview and Level Annotations

Branches:
Dungeon (1/1)

Altars:
Cheibriados
Dithmenos
Fedhas
Gozag
Kikubaaqudgha
Makhleb
Okawaru
Qazlal
Ru
Sif Muna
Trog
Vehumet
Xom
Yredelemnul
Zin
The Shining One
Jiyva
Lugonu

Shops:
D *[%??*?*:[((!!!!


Innate Abilities, Weirdness & Mutations

You are resistant to torment.
Your stone body is resilient (AC +4).
You are immune to poison.
You resist negative energy.
You are resistant to electric shocks.
You can survive without breathing.
You are immune to petrification.
You are immune to rotting.


Message History

A fungus suddenly grows.
You hear an explosion! x2
The explosion of spores engulfs the ballistomycete.
You hear an explosion! x10
The giant spore waves its rhizomes. x2
The giant spore explodes!
A fungus suddenly grows.
The explosion of spores engulfs the active ballistomycete.
The explosion of spores engulfs the ballistomycete.
The explosion of spores engulfs the giant spore.
The giant spore explodes!
The explosion of spores engulfs the active ballistomycete.
A fungus suddenly grows.
The explosion of spores engulfs the ballistomycete. x4
The explosion of spores engulfs the giant spore.
The giant spore explodes!
The explosion of spores engulfs the ballistomycete.
The explosion of spores engulfs you!
Ouch! That really hurt!
You die...

###..[......###
#⌠.....).....*#
######.8.........8.######
##PP._.P....###..PPP..__∩##
###P.PP..**.8.# #.8........∩#
#...P.........###............
#⌠..P.P.....###...###.........
#⌠.P...P....# #.<.# #.........
#⌠..PP.P....###@..###.........
##.............###...P........
###∩....P..P8.# #.8PPP.....∩#
##∩__.PP.P..###....P.___∩##
######.8.........8.######
#PP..P.......⌠#
###P.PP.....### #_........#
#_......._#


You could see 2 active ballistomycetes.

Vanquished Creatures
  Blork the orc (D)
  An orc wizard (D)
  An orc priest (D)
  2 orcs (D)
5 creatures vanquished.

Vanquished Creatures (others)
  84 giant spores (D)
84 creatures vanquished.

Grand Total: 89 creatures vanquished

Notes
Turn   | Place    | Note
--------------------------------------------------------------
     0 | D        | nuthulu the Gargoyle Fighter began the quest for the Orb.
     0 | D        | Reached XP level 1. HP: 14/14 MP: 1/1
     1 | D        | Found a viscous altar of Jiyva.
     1 | D        | Found a deep blue altar of Sif Muna.
     2 | D        | Found a sacrificial altar of Ru.
     3 | D        | Found an ancient bone altar of Kikubaaqudgha.
     3 | D        | Found a glowing golden altar of the Shining One.
     4 | D        | Found Nocla's Bee Food.
     4 | D        | Found a blossoming altar of Fedhas.
     4 | D        | Found Exaadoh's Identification Station.
     5 | D        | Found Xoxkiarad's Jewellery.
     5 | D        | Found Jyxapn's Advanced Armour.
     5 | D        | Round 1.
    13 | D        | Bought a translucent ivory ring for 45 gold pieces
    13 | D        | Bought a twitching wooden ring for 45 gold pieces
    13 | D        | Bought a glittering silver amulet for 45 gold pieces
    13 | D        | Identified the amulet "Fesihy" {+Rage Str+7 Int-4} (You bought it in a shop in the Dungeon)
    14 | D        | Identified the ring of Kuod {rC+ AC+1 Str-4 Int+8 Stlth+} (You bought it in a shop in the Dungeon)
    15 | D        | Identified the ring of Nibawneuw {rElec MR+ EV+3} (You bought it in a shop in the Dungeon)
    22 | D        | Noticed an orc wizard
    22 | D        | Found a glowing silver altar of Zin.
    23 | D        | Found Keloss's Magic Scroll Shop.
    24 | D        | Found an iron altar of Okawaru.
    24 | D        | Found a burning altar of Makhleb.
    24 | D        | Found Rojuliho's Staff Store.
    24 | D        | Found Boath's Magic Scroll Shop.
    24 | D        | Found Plog's Must-Have Magic.
    31 | D        | Killed an orc wizard
    31 | D        | Reached skill level 4 in Fighting
    31 | D        | Reached XP level 2. HP: 8/20 MP: 2/2
    31 | D        | Reached XP level 3. HP: 9/24 MP: 3/3
    36 | D        | Found a corrupted altar of Lugonu.
    39 | D        | Became a worshipper of Warmaster Okawaru
    68 | D        | Reached skill level 5 in Fighting
    68 | D        | Reached skill level 5 in Armour
    68 | D        | Reached skill level 5 in Shields
    68 | D        | Reached XP level 4. HP: 14/31 MP: 4/4
    84 | D        | Noticed Blork the orc
    90 | D        | Killed Blork the orc
    90 | D        | Reached skill level 6 in Fighting
    90 | D        | Reached skill level 5 in Maces & Flails
    90 | D        | Reached XP level 5. HP: 18/37 MP: 5/5
   121 | D        | Arena points: 12 (+12) [x2]
   130 | D        | Found a snail-covered altar of Cheibriados.
   130 | D        | Found Warufaujimm's Distillery.
   132 | D        | Found Jocel's Distillery.
   132 | D        | Found Wyxtodirr's Bottled Wisdom.
   132 | D        | Found a basalt altar of Yredelemnul.
   132 | D        | Found a radiant altar of Vehumet.
   132 | D        | Found an opulent altar of Gozag.
   132 | D        | Found Rimucwid's Do-It-Yourself Clinic.
   137 | D        | Found a shadowy altar of Dithmenos.
   138 | D        | Found a bloodstained altar of Trog.
   139 | D        | Found Ryogab's Weapon Rack.
   140 | D        | Found a stormy altar of Qazlal.
   140 | D        | Found a shimmering altar of Xom.
   140 | D        | Found Gepauwk's Premium Goods.
   140 | D        | Found Mekhla's Basic Armour.
   140 | D        | Found Ebrai's Miscellaneous Merchandise.
   148 | D        | Bought a +0 cloak for 54 gold pieces
   183 | D        | Round 2.
   193 | D        | Killed by an exploding giant spore

Vault maps used:
D:        arena_sprint

Action                   |  1- 3 |  4- 6 || total
-------------------------+-------+-------++-------
Melee: Flail             |     6 |    12 ||    18
  Use: Potion            |     1 |       ||     1
